 Dungeon Crawl Stone Soup version 0.16-b1 (webtiles) character file.

2587 abixa the Cleaver (level 9, 0/72 HPs)
             Began as a Hill Orc Gladiator on Mar 6, 2015.
             Was a Priest of Ashenzari.
             Slain by an orc warrior
             ... wielding a +0 trident
              (8 damage)
             ... on level 6 of the Dungeon.
             The game lasted 00:21:18 (8761 turns).

abixa the Cleaver (Hill Orc Gladiator)              Turns: 8761, Time: 00:21:18

Health: 0/72       AC: 17    Str: 18    XL:     9   Next: 58%
Magic:  9/9        EV:  8    Int:  8    God:    Ashenzari [***...]
Gold:   318        SH:  0    Dex: 14    Spells: 0 memorised, 8 levels left

rFire  . . .     SeeInvis +     a - +0 war axe (curse)
rCold  . . .     Clarity  +     n - +0 chain mail
rNeg   . . .     SustAb   .     (no shield)
rPois  .         Gourm    .     c - +0 helmet
rElec  .         Spirit   .     z - +0 cloak
rCorr  .         Warding  .     w - +0 pair of gloves
rMut   .         Stasis   .     x - +0 pair of boots (curse)
MR     +....                    (no amulet)
Stlth  ..........               J - ring of protection from magic (curse)
                                E - +2 ring of protection (curse)

@: somewhat resistant to hostile enchantments, extremely unstealthy
A: no striking features
a: Renounce Religion


You were on level 6 of the Dungeon.
You worshipped Ashenzari.
Ashenzari was most pleased with you.
You were hungry.

You visited 2 branches of the dungeon, and saw 9 of its levels.

You collected 318 gold pieces.

Inventory:

Hand weapons
 a - a cursed +0 war axe (weapon)
Missiles
 d - 5 throwing nets
 g - 27 poisoned needles
 l - 243 stones (quivered)
 B - 8 tomahawks
 I - 58 sling bullets
 M - 4 tomahawks of dispersal
 N - 4 steel javelins
Armour
 c - a +0 helmet (worn)
 n - a +0 chain mail (worn)
 w - a +0 pair of gloves (worn)
 x - a cursed +0 pair of boots (worn)
 y - a +0 leather armour of cold resistance
 z - a +0 cloak (worn)
Jewellery
 E - a cursed +2 ring of protection (left hand)
 G - an uncursed ring of teleport control
 J - a cursed ring of protection from magic (right hand)
Magical devices
 r - a wand of flame (35)
 K - a wand of confusion (26)
 R - a wand of magic darts (13)
Scrolls
 b - 8 scrolls of identify {unknown}
 h - a scroll of enchant weapon {unknown}
 i - 6 scrolls of teleportation {unknown}
 k - a scroll of blinking {unknown}
 o - 5 scrolls of curse weapon
 p - a scroll of magic mapping {unknown}
 s - a scroll of recharging {unknown}
 u - 5 scrolls of fear {unknown}
 F - 3 scrolls of enchant armour {unknown}
 Q - a scroll of random uselessness {unknown}
 S - a scroll of amnesia {unknown}
Potions
 e - a potion of flight {unknown}
 j - a potion of brilliance {unknown}
 m - a potion of resistance {unknown}
 q - 2 potions of cure mutation {unknown}
 t - 3 potions of haste {unknown}
 A - 3 potions of curing {unknown}
 C - a potion of invisibility {unknown}
 D - a potion of restore abilities {unknown}
 H - a potion of mutation {unknown}
 L - a potion of cancellation {unknown}
 P - a potion of poison {unknown}
Books
 O - a Necronomicon {highlevel, unknown}

   This book is beyond your current level of understanding.

   Spells                             Type                      Level
   a - Haunt                          Necromancy/Summoning         7
   b - Borgnjor's Revivification      Necromancy                   8
   c - Death's Door                   Charms/Necromancy            8
   d - Necromutation                  Transmutation/Necromancy     8
Comestibles
 f - 3 meat rations
 v - 3 bread rations


   Skills:
 + Level 4.4 Fighting
 - Level 13.5(16.0) Axes
 - Level 3.0 Throwing
 + Level 6.5 Armour
 - Level 2.4 Dodging


You had 8 spell levels left.
You didn't know any spells.

Dungeon Overview and Level Annotations

Branches:
Dungeon (8/15)             Temple (1/1) D:6
   Lair: D:8-11

Altars:
Ashenzari
Cheibriados
Dithmenos
Elyvilon
Fedhas
Gozag
Kikubaaqudgha
Makhleb
Nemelex Xobeh
Okawaru
Qazlal
Ru
Sif Muna
Trog
Vehumet
Xom
Yredelemnul
Zin
The Shining One

Shops:
D:2 *   D:5 %


Message History

You hit the orc warrior but do no damage.
The orc warrior is lightly wounded.
You hit the orc warrior.
The orc warrior is moderately wounded.
The orc warrior hits you with a trident.
You slash the orc warrior!
The orc warrior is severely wounded.
The orc warrior hits you with a trident!
You closely miss the orc warrior.
The orc warrior is severely wounded.
You barely miss the orc warrior.
The orc warrior is severely wounded.
The orc warrior hits you with a trident!
* * * LOW HITPOINT WARNING * * *
You hit the orc warrior but do no damage.
The orc warrior is severely wounded.
You closely miss the orc warrior.
The orc warrior is severely wounded.
The orc warrior hits you with a trident!
You die...

........# #.#
........####.#####
................>##########*
.........#.#.####..........
.........#.#.# #.#######.#*
.........#.#.# #.#
......######## #.# #.#'### *
###.#### * ....# #A#
#.)@...# #...########
#.#o##.# , #.....##§.§#
#..hh..# ##....##._.#
#......# #....##§.§#
#.._..## , #....##...#
#.....# , #....##§.§#
#.....# * ###..###...#
###.#.#####.# ......###'###
#.#.......#


You could see an orc warrior and 2 jackals.

Vanquished Creatures
  A hippogriff (D:6)
  Edmund (D:7)
  An orc warrior (D:6)
  A sky beast (D:7)
  A black bear (D:6)
  A phantom (D:8)
  2 ogres
  An ice beast (D:5)
  2 giant frogs
  A gnoll sergeant (D:3)
  4 scorpions
  A goliath beetle (D:6)
  3 crimson imps
  A giant frog zombie (D:5)
  4 orc priests
  2 hounds
  A giant frog skeleton (D:4)
  5 orc wizards
  2 worker ants
  2 iguanas (D:7)
  43 gnolls
  9 adders
  2 shadow imps
  2 giant mites
  2 worms
  An adder skeleton (D:7)
  4 giant geckos
  An ooze (D:4)
  23 orcs
  11 bats
  A bat skeleton (D:4)
  3 giant cockroaches
  9 hobgoblins
  34 jackals
  8 kobolds
  A quokka (D:2)
  A ball python (D:2)
  3 giant newts
  7 goblins
  A quokka skeleton (D:5)
  6 rats
209 creatures vanquished.

Notes
Turn   | Place    | Note
--------------------------------------------------------------
     0 | D:1      | abixa, the Hill Orc Gladiator, began the quest for the Orb.
     0 | D:1      | Reached XP level 1. HP: 18/18 MP: 1/1
   283 | D:1      | Reached XP level 2. HP: 23/25 MP: 2/2
   300 | D:1      | Reached skill level 1 in Armour
   648 | D:2      | Found Gozag's Platinum Reserve.
   667 | D:2      | Reached XP level 3. HP: 13/30 MP: 3/3
   914 | D:2      | Found an opulent altar of Gozag.
   952 | D:2      | Reached skill level 5 in Axes
   993 | D:2      | Found a shattered altar of Ashenzari.
   993 | D:2      | Found an ancient bone altar of Kikubaaqudgha.
   999 | D:2      | Became a worshipper of Ashenzari the Shackled
  1137 | D:2      | Reached XP level 4. HP: 33/37 MP: 4/4
  1140 | D:2      | Found a bloodstained altar of Trog.
  1497 | D:3      | Reached XP level 5. HP: 9/42 MP: 5/5
  1846 | D:3      | Reached skill level 6 in Axes
  2410 | D:4      | Reached XP level 6. HP: 45/50 MP: 6/6
  2437 | D:4      | Found a sparkling altar of Nemelex Xobeh.
  2512 | D:4      | Reached skill level 7 in Axes
  2745 | D:4      | Reached skill level 5 in Armour
  2805 | D:4      | Reached XP level 7. HP: 56/56 MP: 7/7
  3050 | D:4      | Reached skill level 8 in Axes
  3919 | D:4      | Reached skill level 9 in Axes
  4598 | D:4      | Reached XP level 8. HP: 62/62 MP: 8/8
  4710 | D:4      | Reached skill level 10 in Axes
  5040 | D:5      | Entered Level 5 of the Dungeon
  5131 | D:5      | Reached skill level 11 in Axes
  5482 | D:5      | Acquired Ashenzari's first power
  5910 | D:6      | Reached skill level 12 in Axes
  5959 | D:5      | Found Tredet's Food Emporium.
  6046 | D:5      | Found a glowing silver altar of Zin.
  6048 | D:5      | Found a burning altar of Makhleb.
  6049 | D:5      | Noticed an angel
  6051 | D:5      | Noticed a green death
  6341 | D:6      | Reached XP level 9. HP: 64/68 MP: 9/9
  6390 | D:6      | Found a staircase to the Ecumenical Temple.
  6395 | Temple   | Entered the Ecumenical Temple
  6617 | D:6      | Found a radiant altar of Vehumet.
  6778 | D:6      | Reached skill level 13 in Axes
  7322 | D:6      | Found a basalt altar of Yredelemnul.
  7323 | D:6      | Noticed a profane servitor
  7332 | D:6      | Found a burning altar of Makhleb.
  7337 | D:6      | Acquired Ashenzari's second power
  7704 | D:7      | Found a white marble altar of Elyvilon.
  7791 | D:7      | Noticed Edmund
  7817 | D:7      | Killed Edmund
  8119 | D:7      | Found a shadowy altar of Dithmenos.
  8695 | D:6      | Found a glowing golden altar of the Shining One.
  8696 | D:6      | Noticed an angel
  8761 | D:6      | Slain by an orc warrior

Action                   |  1- 3 |  4- 6 |  7- 9 || total
-------------------------+-------+-------+-------++-------
Melee: War axe           |    83 |   204 |   580 ||   867
Throw: Stone             |     3 |     6 |    15 ||    24
  Use: Scroll            |     1 |       |     3 ||     4
  Eat: Chunk             |     1 |     5 |    19 ||    25
